 Dungeon Crawl Stone Soup version 0.19.1 (webtiles) character file.

471 Banto the Slasher (level 6, -1/39 HPs)
             Began as a High Elf Skald on Dec 7, 2016.
             Slain by Mandevil's ghost (9 damage)
             ... on level 4 of the Dungeon.
             The game lasted 00:04:50 (3488 turns).

Banto the Slasher (High Elf Skald)                  Turns: 3488, Time: 00:04:50

Health: -1/39      AC:  4    Str: 11    XL:     6   Next: 83%
Magic:  4/10       EV: 15    Int: 16    God:
Gold:   199        SH:  0    Dex: 17    Spells: 4 memorised, 1 level left

rFire  . . .     SeeInvis .     l - +2 short sword (flame)
rCold  . . .     Gourm    .     b - +0 leather armour
rNeg   + . .     Faith    .     (no shield)
rPois  .         Spirit   .     k - +0 helmet
rElec  .         Reflect  .     (no cloak)
rCorr  .         Harm     .     (no gloves)
MR     .....     Rnd*Tele +     (no boots)
Stlth  +.........               n - amulet of inaccuracy (curse)
                                m - ring of positive energy
                                e - ring of teleportation (curse)

@: flying (expiring), very slightly contaminated
A: no striking features
a: no special abilities


You were on level 4 of the Dungeon.
You were not hungry.

You visited 1 branch of the dungeon, and saw 4 of its levels.

You collected 199 gold pieces.

Inventory:

Hand Weapons
 a - a +0 falchion
 l - a +2 short sword of flaming (weapon)
Missiles
 p - 7 curare-tipped needles
Armour
 b - a +0 leather armour (worn)
 k - a +0 helmet (worn)
Jewellery
 e - a cursed ring of teleportation (left hand)
 m - a ring of positive energy (right hand)
 n - a cursed amulet of inaccuracy (around neck)
Wands
 q - a wand of random effects (13/48)
Potions
 h - a potion of resistance
 i - a potion of brilliance
 j - 2 potions of flight
Books
 c - a book of Maledictions

   Spells                             Type                      Level
   a - Corona                         Hexes                        1
   b - Ensorcelled Hibernation        Hexes/Ice                    2
   c - Confuse                        Hexes                        3
   d - Tukima's Dance                 Hexes                        3
   e - Dazzling Spray                 Conjuration/Hexes            3
Comestibles
 d - 3 bread rations
 f - a beef jerky
 g - 2 meat rations
 o - a fruit
 r - 6 chunks of flesh


   Skills:
 - Level 2.0 Fighting
 + Level 6.5 Long Blades
 - Level 0.8 Armour
 + Level 5.5 Dodging
 - Level 2.4 Spellcasting
 - Level 3.6 Charms


You had one spell level left.
You knew the following spells:

 Your Spells              Type           Power        Failure   Level  Hunger
a - Infusion              Chrm           ##..         8%          1    #......
b - Song of Slaying       Chrm           ##......     12%         2    ###....
c - Spectral Weapon       Hex/Chrm       #.......     43%         3    ###....
d - Shroud of Golubria    Chrm/Tloc      #.........   21%         2    ###....


Dungeon Overview and Level Annotations

Branches:
Dungeon (4/15)
 Temple: D:4-7

Altars:
Cheibriados

Annotations:
D:4 Mandevil's ghost, amateur HuFi


Message History

You take 2 damage, and have 26/39 hp.
You barely miss the river rat.
The river rat is moderately wounded.
The river rat barely misses you.
You miss the river rat.
The river rat is moderately wounded.
You are starting to lose your buoyancy.
Mandevil's ghost barely misses you.
You completely miss the river rat.
The river rat is moderately wounded.
The river rat bites you. Mandevil's ghost hits you!
* * * LOW HITPOINT WARNING * * *
You take 18 damage, and have 8/39 hp.
MASSIVE DAMAGE!!
Casting: Spectral Weapon
Confirm with . or Enter, or press ? or * to list all spells.
You miscast Spectral Weapon.
You are very lightly contaminated with residual magic.
Your nose twitches suddenly!
The river rat barely misses you. Mandevil's ghost hits you!
You die...

######### ##W@r≈..≈#
.. #≈#######≈# #.
#.# #. #≈# #. #≈# #.
#≈# #. #≈# #### #.
#≈########..#######.
##≈.≈≈≈≈.≈#.........


You could see Mandevil's ghost and a river rat.

Vanquished Creatures
  Grinder (D:3)
  An ogre (D:3)
  Terence (D:2)
  Natasha (thrice) (D:3)
  2 adders
  An ooze (D:2)
  A worm (D:2)
  2 dart slugs
  4 leopard geckos
  6 orcs
  6 giant cockroaches
  11 goblins
  6 hobgoblins
  2 quokkas (D:3)
  A ball python (D:2)
  10 bats
  4 frilled lizards
  5 kobolds
  6 rats
73 creatures vanquished.

Vanquished Creatures (others)
  4 spectral weapons
4 creatures vanquished.

Grand Total: 77 creatures vanquished

Notes
Turn   | Place    | Note
-------+----------+-------------------------------------------
     0 | D:1      | Banto the High Elf Skald began the quest for the Orb.
     0 | D:1      | Reached XP level 1. HP: 14/14 MP: 4/4
    90 | D:1      | Reached XP level 2. HP: 15/19 MP: 0/6
   111 | D:1      | Reached skill level 3 in Long Blades
   537 | D:1      | Reached XP level 3. HP: 21/24 MP: 7/7
   648 | D:1      | Learned a level 2 spell: Song of Slaying
   652 | D:1      | Learned a level 3 spell: Spectral Weapon
   766 | D:2      | HP: 1/24 [worm (7)]
  1552 | D:2      | Found a snail-covered altar of Cheibriados.
  1614 | D:3      | Noticed Grinder
  1738 | D:3      | Paralysed by Grinder for 6 turns
  1915 | D:3      | Reached skill level 4 in Long Blades
  1926 | D:3      | Reached XP level 4. HP: 20/29 MP: 5/8
  1927 | D:3      | Noticed an ogre
  2061 | D:3      | Noticed Natasha
  2062 | D:3      | Noticed Terence
  2084 | D:2      | Killed Terence
  2158 | D:3      | Killed Natasha
  2172 | D:3      | Noticed Natasha
  2431 | D:3      | Killed Natasha
  2431 | D:3      | Reached XP level 5. HP: 22/34 MP: 5/9
  2440 | D:3      | Paralysed by Grinder for 5 turns
  2672 | D:2      | Learned a level 2 spell: Shroud of Golubria
  2682 | D:3      | Killed Grinder
  2682 | D:3      | Reached skill level 5 in Long Blades
  2682 | D:3      | Reached skill level 5 in Dodging
  2682 | D:3      | Reached XP level 6. HP: 24/39 MP: 5/10
  2746 | D:3      | Reached skill level 6 in Long Blades
  3121 | D:3      | Noticed Natasha
  3137 | D:3      | Killed Natasha
  3462 | D:4      | Noticed Mandevil's ghost (amateur HuFi)
  3488 | D:4      | Slain by Mandevil's ghost

Skill      XL: |  1  2  3  4  5  6 |
---------------+-------------------+-----
Long Blades    | 3 4 5 6 |  6.5
Dodging        | 2 3 4 5 |  5.5
Fighting       | |  2.0
Armour         | |  0.8
Spellcasting   | |  2.4
Charms         | |  3.6

Action                   |  1- 3 |  4- 6 || total
-------------------------+-------+-------++-------
Melee: Falchion          |    97 |       ||    97
       Short sword       |    25 |    83 ||   108
 Cast: Infusion          |    10 |       ||    10
       Spectral Weapon   |     2 |    10 ||    12
       Shroud of Golubri |       |     1 ||     1
  Use: Scroll            |     4 |     1 ||     5
       Potion            |       |     1 ||     1
 Stab: Distracted        |     1 |       ||     1
       Sleeping          |     1 |       ||     1
  Eat: Chunk             |     4 |     7 ||    11
Armor: Leather armour    |    52 |     9 ||    61
Dodge: Dodged            |    92 |    61 ||   153
       Rpst.: Falchion   |    28 |       ||    28

Table legend:
 A = Turns spent in this place as a percentage of turns spent in the entire game.
 B = Non-inter-level travel turns spent in this place as a percentage of non-inter-level travel turns spent in the entire game.
 C = Inter-level travel turns spent in this place as a percentage of turns spent in this place.
 D = Turns resting spent in this place as a percentage of non-inter-level travel turns spent in this place.
 E = Turns spent auto-exploring this place as a percentage of non-inter-level travel turns spent in this place.
 F = Non-inter-level travel turns spent in this place divided by the number of levels of this place that you've seen.
                   A       B       C       D       E      F
               +-------+-------+-------+-------+-------+----------------------
         Total | 100.0 | 100.0 |   1.1 |   6.1 |   7.8 | 238.0
       Dungeon | 100.0 | 100.0 |   1.1 |   6.1 |   7.8 | 238.0
               +-------+-------+-------+-------+-------+----------------------

Table legend:
 A = Kills in this place as a percentage of kills in entire the game.
 B = Kills by you in this place as a percentage of kills by you in the entire game.
 C = Kills by friends in this place as a percentage of kills by friends in the entire game.
 D = Other kills in this place as a percentage of other kills in the entire game.
 E = Experience gained in this place as a percentage of experience gained in the entire game.
 F = Experience gained in this place divided by the number of levels of this place that you have seen.
                   A       B       C       D       E      F
               +-------+-------+-------+-------+-------+----------------------
         Total | 100.0 | 100.0 |  -nan |  -nan | 100.0 | 168.2
       Dungeon | 100.0 | 100.0 |  -nan |  -nan | 100.0 | 168.2
               +-------+-------+-------+-------+-------+----------------------
